AoeStats
← Inzeeen

Arabia

505300118Analyzed
1v1 RM · 23d ago on Sep 8, 2026· 45m 9s· 2 players
Game mode
Random Map
Map size
Tiny (2 player)
Population
200
Speed
Normal
Resources
Standard
Victory
Conquest
Starting age
Dark Age
Ending age
Imperial Age
RankedLock teamsTeams togetherTeam positionsShared explorationLock speedFull tech treeHidden civsTurbo modeCheats
Victory
Defeat
🇩🇪 Spanish · Germany
836
+14
🇳🇱 Cumans · Netherlands
783
-36
Inzeeen
10:00 Loom
12:16 Feudal Age
13:41 Double-Bit Axe
24:54 Wheelbarrow
26:21 Horse Collar
27:41 Gold Mining
29:04 Scale Mail Armor
28:56 Fletching
32:13 Padded Archer Armor
35:33 Castle Age
36:51 Heavy Plow
37:04 Bow Saw
36:28 Pikeman
37:10 Squires
36:44 Capped Ram
39:06 Chain Mail Armor
38:48 Bodkin Arrow
39:09 Leather Archer Armor
38:54 Crossbowman
40:23 Thumb Ring
TAFKAP
7:14 Loom
10:57 Feudal Age
15:42 Forging
17:18 Double-Bit Axe
19:52 Horse Collar
25:09 Castle Age
25:31 Bloodlines
26:45 Stone Mining
28:01 Scale Barding Armor
35:08 Gold Mining
37:10 Iron Casting
36:25 Fletching
36:56 Chain Barding Armor
36:50 Murder Holes
37:16 Ballistics
38:08 Wheelbarrow
45:17 Imperial Age
Connection lost

Rejoining the realm…

Still unreachable

The connection could not be restored.

Session expired

The server has moved on; the page needs a fresh start.